 Dungeon Crawl Stone Soup version 0.28-a0-1152-g9c71ebef14 (webtiles) character file.

Game seed: 10587851435327155356

9 spaghetti the Skirmisher (level 2, 0/33 HPs)
             Began as an Ogre Delver on Dec 14, 2021.
             Slain by a hound (4 damage)
             ... on level 4 of the Dungeon.
             The game lasted 00:01:31 (225 turns).

spaghetti the Skirmisher (Ogre Delver)               Turns: 225, Time: 00:01:32

Health: 0/33       AC:  3    Str: 15    XL:     2   Next: 12%
Magic:  2/2        EV:  9    Int: 11    God:
Gold:   12         SH:  0    Dex: 10    Spells: 1/1 levels left

rFire   . . .      SeeInvis .   a - +0 mace {mace}
rCold   . . .      Faith    .   (no shield)
rNeg    . . .      Spirit   .   b - +0 robe
rPois   .          Reflect  .   (helmet restricted)
rElec   .          Harm     .   (no cloak)
rCorr   .          Rampage  .   (gloves unavailable)
Will    .....                   (boots unavailable)
Stlth   ++........              (no amulet)
HPRegen 0.11/turn               (no ring)
MPRegen 0.08/turn               (no ring)

@: no status effects
A: large, unfitting armour, tough skin 1
a: no special abilities


You were on level 4 of the Dungeon.
You visited 1 branch of the dungeon, and saw 2 of its levels.

You collected 12 gold pieces.


Innate Abilities, Weirdness & Mutations

You are too large for most types of armour.
You have tough skin. (AC +1)


   Skills:
 + Level 4.8 Fighting
 - Level 1.7 Maces & Flails
 - Level 1.7 Dodging
 - Level 3.7 Stealth


You had one spell level left.
You didn't know any spells.
Your spell library was empty.

Inventory:

Hand Weapons
 a - a +0 mace (weapon) {mace}
Missiles
 h - 28 stones (quivered) {throwing}
Armour
 b - a +0 robe (worn)
Jewellery
 e - an amulet of faith {!P}
   (You found it on level 4 of the Dungeon)
Wands
 g - a wand of digging (3)
Scrolls
 c - a scroll of fog
 d - a scroll of magic mapping {!r}

Dungeon Overview and Level Annotations

Branches:
Dungeon (5/15)
 Temple: D:4-7

Altars:

..## ..## ...## ....#
#...## #....####
##........
##.@.......
#.h....#### ##.....##
#############......#
...................#
..........##.......#
############........#
.#### .........#
....## #......##.K#


You could see a hound.


Message History

Okay, then.
An iguana comes into view.
The kobold closely misses you.
You closely miss the kobold. The kobold completely misses you.
The kobold hits you with a +0 dagger. 😕 HP[-1]
You take 1 damage, and now have 32/33 hp.
Okay, then. 😎 HP[+1]
Your hp is fully restored (33).
You see here an amulet of faith {!P}.
e - an amulet of faith {!P} The kobold hits you but does no damage.
The iguana hisses menacingly.
You hit the iguana but do no damage.
The iguana bites you but does no damage.
You closely miss the iguana. The iguana closely misses you.
The iguana bites you but does no damage.
You thump the iguana! The iguana bites you! 😕 HP[-8]
You take 8 damage, and now have 25/33 hp.
MASSIVE DAMAGE!! (PAUSE) Unknown command.
Unknown command.
Okay, then.
You hit the iguana. The iguana bites you. 😮 HP[-4]
You take 4 damage, and now have 21/33 hp.
Unknown command.
Unknown command. 2 jackals come into view.
The iguana bites you.
* * * LOW HITPOINT WARNING * * *
😨 HP[-6]
You take 6 damage, and now have 15/33 hp.
Okay, then.
You hit the iguana. The iguana barely misses you.
You completely miss the iguana. The iguana bites you!
* * * LOW HITPOINT WARNING * * *
😱 HP[-8]
You take 8 damage, and now have 7/33 hp.
MASSIVE DAMAGE!! (PAUSE) Unknown command.
Unknown command. 😱 HP[+1]
Found a stone staircase leading up. 😨 HP[+1]
There is a stone staircase leading up here.
Okay, then. 2 orcs come into view.
You see here 11 gold pieces.
The orc shouts!
You hear a shout! 😨 HP[+1]
A goblin comes into view. It is wielding a +0 club.
Okay, then.
A hound comes into view.
You feel yourself speed up. The iguana bites you.
* * * LOW HITPOINT WARNING * * *
😱 HP[-5]
You take 5 damage, and now have 5/33 hp.
Unknown command.
The hound barks! 😱 HP[+1]
The hound bites you.
* * * LOW HITPOINT WARNING * * *
😱 HP[-4]
You take 4 damage, and now have 2/33 hp.
Unknown command.
The goblin shouts!
The iguana hisses menacingly.
The hound stops to sniff the ground.
Found a stone staircase leading down.
A worm comes into view.
A ball python comes into view. 😱 HP[+1]
An endoplasm comes into view.
The hound bites you but does no damage.
You aren't carrying any potions.
Unknown command.
The hound pauses to sniff the ground.
There is a stone staircase leading down here. 😱 HP[+1]
There is a stone staircase leading down here. 😱 HP[+1]
Your extra speed is starting to run out.
A kobold comes into view. It is wielding a +0 club.
You feel yourself slow down. 😱 HP[+1] Unknown command.
You aren't carrying any potions.
Okay, then.
You miss the hound.
The hound bites you but does no damage. x2
Unknown command.
Unknown command.
You hit the hound. The hound closely misses you. x2
Unknown command.
You hit the hound. The hound bites you.
* * * LOW HITPOINT WARNING * * *
The hound bites you.
You die...

Action                   || total
-------------------------++-------
Melee: Mace              ||    13
  Use: Scroll            ||     1
       Potion            ||     1
 Stab: Sleeping          ||     1
Armor: Robe              ||     9
Dodge: Dodged            ||     8

Levels and vault maps discovered:
D:4:      layout_cave_pods, hex_medium
D:5:      layout_basic, mainiacjoe_overflow_small_starburst,
          minmay_temple_entry_tees

Notes
Turn   | Place    | Note
-------+----------+-------------------------------------------
     0 | D:5      | spaghetti the Ogre Delver began the quest for the Orb.
     0 | D:5      | Reached XP level 1. HP: 24/24 MP: 1/1
     0 | D:5      | magus.rc [v1.9.6]
    54 | D:5      | Reached XP level 2. HP: 33/33 MP: 2/2
   136 | D:4      | HP: 7/33 [iguana (8)]
   163 | D:4      | HP: 5/33 [iguana (5)]
   167 | D:4      | HP: 2/33 [hound (4)]
   225 | D:4      | HP: 4/33 [hound (2)]
   225 | D:4      | Slain by a hound

Vanquished Creatures
  An adder (D:5)
1 creature vanquished.

Table legend:
 A = Non-vault XP
 B = Vault XP
 C = Vault XP percentage of total XP
 D = Non-vault monster count
 E = Vault monster count
 F = Vault count percentage of total count
                 A         B        C        D         E       F
            +---------+---------+-------+---------+---------+-------
      Total |      13 |       0 |   0.0 |       1 |       0 |   0.0
            +---------+---------+-------+---------+---------+-------
        D:5 |      13 |       0 |   0.0 |       1 |       0 |   0.0
            +---------+---------+-------+---------+---------+-------

Illustrated notes

Table legend:
 A = Kills in this place as a percentage of kills in entire the game.
 B = Kills by you in this place as a percentage of kills by you in the entire game.
 C = Kills by friends in this place as a percentage of kills by friends in the entire game.
 D = Other kills in this place as a percentage of other kills in the entire game.
 E = Experience gained in this place as a percentage of experience gained in the entire game.
 F = Experience gained in this place divided by the number of levels of this place that you have seen.
                   A       B       C       D       E      F
               +-------+-------+-------+-------+-------+----------------------
         Total | 100.0 | 100.0 |   N/A |   N/A | 100.0 |   6.5
       Dungeon | 100.0 | 100.0 |   N/A |   N/A | 100.0 |   6.5
               +-------+-------+-------+-------+-------+----------------------

Table legend: (Time is in decaauts)
 A = Elapsed time spent in this place.
 B = Non-inter-level travel time spent in this place.
 C = Inter-level travel time spent in this place.
 D = Time resting spent in this place.
 E = Time spent auto-exploring this place.
 F = Levels seen in this place.
 G = Mean time per level.
                   A        B        C        D        E       F      G
               +--------+--------+--------+--------+--------+-----+--------+
         Total |    209 |    184 |     25 |      0 |     49 |   2 |  104.5 |
       Dungeon |    209 |    184 |     25 |      0 |     49 |   2 |  104.5 |
               +--------+--------+--------+--------+--------+-----+--------+

Top non-repeatable levels by time:
     D:4: 117 daAuts
     D:5: 91 daAuts
